 Dungeon Crawl Stone Soup version 0.19.1-1-g22dce08 (webtiles) character file.

494 M4edhros the Vandal (level 7, -1/49 HPs)
             Began as an Octopode Hunter on Dec 31, 2016.
             Slain by an ice beast (5 damage)
             ... on level 5 of the Dungeon.
             The game lasted 00:04:05 (3222 turns).

M4edhros the Vandal (Octopode Hunter)               Turns: 3222, Time: 00:04:06

Health: -1/49      AC:  1    Str: 11    XL:     7   Next: 15%
Magic:  7/7        EV: 12    Int: 13    God:
Gold:   189        SH:  7    Dex: 15    Spells: 0 memorised, 6 levels left

rFire  . . .     SeeInvis .     c - +1 hunting sling (flame)
rCold  . . .     Gourm    .     j - +0 shield
rNeg   . . .     Faith    .     (helmet restricted)
rPois  .         Spirit   .     (no amulet)
rElec  .         Reflect  .     (no ring)
rCorr  .         Harm     .     (no ring)
MR     .....                    (no ring)
Stlth  +++.......               (no ring)
                                (no ring)
                                (no ring)
                                (no ring)
                                (no ring)

@: no status effects
A: almost no armour, stealthy swim, amphibious, 8 rings, constrict 8, camouflage
1, gelatinous body 1
a: no special abilities


You were on level 5 of the Dungeon.
You were hungry.

You visited 1 branch of the dungeon, and saw 5 of its levels.

You collected 189 gold pieces.

Inventory:

Hand Weapons
 a - a +1 hunting sling
 b - a +0 short sword
 c - a +1 hunting sling of flaming (weapon)
Missiles
 k - 218 stones (quivered)
Armour
 j - a +0 shield (worn)
Scrolls
 h - a scroll of recharging {unknown}
 m - 2 scrolls of remove curse {unknown}
 q - 4 scrolls of identify {unknown}
 s - a scroll of amnesia {unknown}
 u - 3 scrolls of fog {unknown}
Potions
 e - a potion of flight {unknown}
 f - a potion of beneficial mutation {unknown}
 g - 3 potions of degeneration {unknown}
 l - a potion of haste
 o - a potion of agility {unknown}
 r - 3 potions of curing {unknown}
 v - a potion of heal wounds
Comestibles
 d - 2 bread rations
 n - a meat ration
 p - a royal jelly
 t - 2 fruits


   Skills:
 + Level 4.4 Fighting
 * Level 6.3 Slings
 + Level 3.9 Dodging
 - Level 1.3 Stealth
 * Level 0.2 Shields


You had 6 spell levels left.
You didn't know any spells.

Dungeon Overview and Level Annotations

Branches:
Dungeon (5/15)
 Temple: D:4-7

Altars:
Dithmenos
Elyvilon
The Shining One

Annotations:
D:4 Jovan's ghost, amateur HEFi


Innate Abilities, Weirdness & Mutations

You cannot wear most types of armour.
You are very stealthy in the water. (Stealth+)
You are amphibious.
You can wear up to eight rings at the same time.
You can use your tentacles to constrict eight enemies at once.
Your skin changes colour to match your surroundings (Stealth+).
Your rubbery body absorbs attacks. (AC +1, EV +1)


Message History

Aim: an ice beast (severely wounded)
You shoot a sling bullet.
The sling bullet hits the ice beast but does no damage.
The ice beast is severely wounded.
The ice beast hits you. The ice beast freezes you!
Firing (i - inventory. (,) - cycle):
i - a sling bullet (quivered)
Press: ? - help, Shift-Dir - straight line, f/p - ice beast
Aim: an ice beast (severely wounded)
You shoot a sling bullet. The sling bullet hits the ice beast.
The sling bullet melts the ice beast.
The ice beast is almost dead.
The ice beast hits you. The ice beast freezes you!
* * * LOW HITPOINT WARNING * * *
Firing (i - inventory):
k - 219 stones (quivered)
Press: ? - help, Shift-Dir - straight line, f/p - ice beast
Aim: an ice beast (almost dead)
You shoot a stone.
The stone completely misses the ice beast.
The ice beast hits you.
You die...

###.#.#............#
#.........#..#.###
#####.#####..#.########
#.# ###..#......... #.#
#<....######### #.#
#.....#
#.###.....#######
.................
........@#######.
...#.....Y..(...
#.....###.... ........#
(( ........# ........#
......... ...######


You could see an ice beast.

Vanquished Creatures
  2 phantoms (D:4)
  3 orc wizards (D:4)
  Jessica (D:2)
  Natasha (D:3)
  Robin (D:2)
  4 adders
  2 oozes (D:1)
  3 worms
  8 dart slugs
  3 leopard geckos
  5 orcs
  3 giant cockroaches (D:3)
  18 goblins
  8 hobgoblins
  10 jackals
  5 kobolds
  2 quokkas (D:2)
  9 bats
  10 frilled lizards
  A leopard gecko skeleton (D:4)
  12 rats
111 creatures vanquished.

Notes
Turn   | Place    | Note
-------+----------+-------------------------------------------
     0 | D:1      | M4edhros the Octopode Hunter began the quest for the Orb.
     0 | D:1      | Reached XP level 1. HP: 14/14 MP: 1/1
   171 | D:1      | Reached XP level 2. HP: 19/19 MP: 2/2
   267 | D:1      | Reached XP level 3. HP: 18/25 MP: 3/3
  1113 | D:2      | Reached XP level 4. HP: 29/31 MP: 4/4
  1231 | D:2      | Found a glowing golden altar of the Shining One.
  1234 | D:2      | Found a shadowy altar of Dithmenos.
  1481 | D:2      | Noticed Jessica
  1487 | D:2      | Killed Jessica
  1487 | D:2      | Reached skill level 5 in Slings
  1576 | D:2      | Reached XP level 5. HP: 33/36 MP: 5/5
  1667 | D:2      | Noticed Robin
  1833 | D:2      | Killed Robin
  2230 | D:3      | Found a faded altar of an unknown god.
  2496 | D:3      | Noticed Natasha
  2509 | D:3      | Killed Natasha
  2826 | D:4      | Reached XP level 6. HP: 25/43 MP: 6/6
  2978 | D:4      | Noticed a phantom
  2994 | D:4      | Killed a phantom
  2994 | D:4      | Reached skill level 6 in Slings
  2999 | D:4      | Noticed a phantom
  3010 | D:4      | Killed a phantom
  3010 | D:4      | Reached XP level 7. HP: 28/49 MP: 7/7
  3145 | D:4      | Found a white marble altar of Elyvilon.
  3145 | D:4      | Noticed Jovan's ghost (amateur HEFi)
  3183 | D:5      | Entered Level 5 of the Dungeon
  3222 | D:5      | Slain by an ice beast

Skill      XL: |  1  2  3  4  5  6 |
---------------+-------------------+-----
Fighting       | 3 4 |  4.4
Slings         | 5 6 |  6.3
Dodging        | 3 |  3.9
Stealth        | |  1.3
Shields        | |  0.2

Action                   |  1- 3 |  4- 6 |  7- 9 || total
-------------------------+-------+-------+-------++-------
Melee: Short sword       |    61 |   161 |       ||   222
       Constrict         |    17 |    46 |       ||    63
       Tentacles         |     7 |    27 |       ||    34
 Fire: Hunting sling     |    37 |    21 |    21 ||    79
  Use: Potion            |     1 |     2 |       ||     3
 Stab: Sleeping          |     4 |    10 |       ||    14
       Distracted        |     1 |       |       ||     1
  Eat: Chunk             |       |     7 |       ||     7
Armor: Skin              |     6 |    15 |       ||    21
Dodge: Dodged            |    59 |   137 |     2 ||   198
Block: Shield            |       |       |     2 ||     2
